 Dungeon Crawl Stone Soup version 0.25-a0-105-g2289b3b9f1 (webtiles) character file.

Game seed: 12058894853153826256, levelgen mode: deterministic

67 Alarkh the Skirmisher (level 4, 35/35 HPs)
             Began as a Demonspawn Fighter on Nov 16, 2019.
             Got out of the dungeon alive.
             The game lasted 00:01:01 (1231 turns).

Alarkh the Skirmisher (Demonspawn Fighter)          Turns: 1231, Time: 00:01:02

Health: 35/35      AC:  6    Str: 16    XL:     4   Next: 0%
Magic:  4/4        EV:  6    Int: 11    God:
Gold:   72         SH:  8    Dex: 12    Spells: 3/3 levels left

rFire    . . .     SeeInvis .   a - +0 long sword
rCold    . . .     Gourm    .   c - +0 shield
rNeg     . . .     Faith    .   b - +0 scale mail
rPois    .         Spirit   .   (no helmet)
rElec    .         Reflect  .   (no cloak)
rCorr    .         Harm     .   (no gloves)
MR       .....                  (no boots)
Stlth    +.........             (no amulet)
HPRegen  0.11/turn              (no ring)
MPRegen  0.09/turn              (no ring)

@: no status effects
A: claws 1, nightstalker 1
a: no special abilities


You escaped.
You were not hungry.

You visited 1 branch of the dungeon, and saw 2 of its levels.

You collected 72 gold pieces.

Inventory:

Hand Weapons
 a - a +0 long sword (weapon)
Armour
 b - a +0 scale mail (worn)
 c - a +0 shield (worn)
Jewellery
 e - an uncursed ring of ice {unknown}
Scrolls
 g - a scroll of fear {unknown}
 j - 2 scrolls of remove curse {unknown}
Potions
 d - a potion of might
 h - a potion of brilliance {unknown}
 k - a potion of invisibility {unknown}
Comestibles
 f - a ration
 i - 6 chunks of flesh


   Skills:
 - Level 3.0 Fighting
 - Level 2.5 Long Blades
 - Level 2.6 Armour
 - Level 2.6 Shields
 + Level 2.7 Unarmed Combat


You had 3 spell levels left.
You didn't know any spells.
Your spell library was empty.

Dungeon Overview and Level Annotations

Branches:
Dungeon (2/15)

Altars:


Innate Abilities, Weirdness & Mutations

You have sharp fingernails.
You are slightly more attuned to the shadows.


Message History

You closely miss the goblin. The goblin hits you but does no damage.
You block the goblin's attack.
Your shield and scale mail prevent you from hitting the goblin.
The goblin hits you.
You miss the goblin. The goblin hits you but does no damage.
Your shield and scale mail prevent you from hitting the goblin.
The goblin barely misses you. x2; You riposte.
You hit the goblin.
You kill the goblin!
You have reached level 4!
You feel clever.
Your demonic ancestry asserts itself...
You slip into the darkness of the dungeon.
There is a stone staircase leading up here.
You climb upwards.
There is a stone staircase leading down here.
You see here a +0 dagger.
Things that are here:
2 stones; a +0 whip
There is a staircase leading out of the dungeon here.
Are you sure you want to leave the Dungeon?
This will make you lose the game!
You have escaped!

..###'###..................#.....
........#..................#.....
........#........................
.................................
........##....###########........
........##....######## #........
#.###+####....##.....# #....####
#.# #.........##>....# ##....####
#.# ####......##@....###.........
#.# #......##......##)........
#.######......#######..(.........
#......'......# ####)........
########......# #.........
#...#### #......... #...#
#......... #...# #......... #...#
#.........


There were no monsters in sight!

Vanquished Creatures
  3 adders (D:2)
  An ooze (D:1)
  2 dart slugs (D:1)
  9 bats
  2 giant cockroaches (D:2)
  7 goblins
  A hobgoblin (D:1)
  A frilled lizard (D:1)
  4 kobolds
  4 rats
34 creatures vanquished.

Notes
Turn   | Place    | Note
-------+----------+-------------------------------------------
     0 | D:1      | Alarkh the Demonspawn Fighter began the quest for the Orb.
     0 | D:1      | Reached XP level 1. HP: 18/18 MP: 1/1
    23 | D:1      | Gained mutation: You have sharp fingernails. [demonic
                  | ancestry]
    23 | D:1      | Reached XP level 2. HP: 3/24 MP: 2/2
   470 | D:1      | Reached skill level 1 in Unarmed Combat
   599 | D:1      | Reached XP level 3. HP: 21/29 MP: 3/3
  1149 | D:2      | Gained mutation: You are slightly more attuned to the
                  | shadows. [demonic ancestry]
  1149 | D:2      | Reached XP level 4. HP: 33/35 MP: 4/4
  1231 | D:$      | Got out of the dungeon alive.

Levels and vault maps discovered:
D:1:      dpeg_arrival_fog, layout_basic
D:2:      minmay_evil_eye, layout_basic, lemuel_doored_altar

Skill      XL: |  1  2  3 |
---------------+----------+-----
Long Blades    | 2 |  2.5
Unarmed Combat | 1 2 |  2.7
Fighting       | |  3.0
Armour         | |  2.6
Shields        | |  2.6

Action                   |  1- 3 |  4- 6 || total
-------------------------+-------+-------++-------
Melee: Long sword        |   105 |       ||   105
  Eat: Chunk             |     1 |       ||     1
Armor: Scale mail        |    83 |       ||    83
Dodge: Dodged            |    31 |       ||    31
Block: Shield            |    59 |       ||    59
       Rpst.: Long sword |    12 |       ||    12

Table legend:
 A = Non-vault XP
 B = Vault XP
 C = Vault XP percentage of total XP
 D = Non-vault monster count
 E = Vault monster count
 F = Vault count percentage of total count
                 A         B        C        D         E       F
            +---------+---------+-------+---------+---------+-------
      Total |      97 |       0 |   0.0 |      34 |       0 |   0.0
            +---------+---------+-------+---------+---------+-------
        D:1 |      42 |       0 |   0.0 |      20 |       0 |   0.0
        D:2 |      55 |       0 |   0.0 |      14 |       0 |   0.0
            +---------+---------+-------+---------+---------+-------
